 Dungeon Sprint DCSS version 0.17.0-28-g6e173f8 (webtiles) character file.

823 pipel the Zephyrmancer (level 7, -14/48 HPs)
             Began as an Octopode Air Elementalist on Nov 28, 2015.
             Was a Believer of Cheibriados.
             Shot with an arrow by a centaur warrior (31 damage)
             ... in the Dungeon (Sprint IX: "|||||||||||||||||||||||||||||").
             The game lasted 00:02:55 (451 turns).

pipel the Zephyrmancer (Octopode Air Elementalist)   Turns: 451, Time: 00:02:55

Health: -14/48     AC:  6    Str: 16    XL:     7   Next: 96%
Magic:  19/19      EV: 13    Int: 22    God:    Cheibriados [**....]
Gold:   0          SH:  0    Dex: 22    Spells: 4 memorised, 13 levels left

rFire  . . .     SeeInvis .     b - +2 halberd (protect)
rCold  . . .     Clarity  .     (shield currently unavailable)
rNeg   . . .     SustAt   .     (helmet restricted)
rPois  .         Gourm    .     (no amulet)
rElec  .         Spirit   .     o - +3 ring of dexterity
rCorr  .         Warding  .     p - +3 ring of strength
rMut   .         NoTele   +     (no ring)
MR     .....                    (no ring)
Stlth  ++++......               (no ring)
                                (no ring)
                                (no ring)
                                (no ring)

@: very slow, not resistant to hostile enchantments, stealthy
A: almost no armour, amphibious, 8 rings, constrict 8, camouflage 1, gelatinous
body 1
a: Bend Time, Renounce Religion


You were in the Dungeon.
You worshipped Cheibriados.
Cheibriados was pleased with you.
You were not hungry.

You visited 1 branch

Inventory:

Hand Weapons
 b - a +2 halberd of protection (weapon)
Magical Staves
 a - an uncursed staff of energy
Jewellery
 o - a +3 ring of dexterity (left tentacle)
 p - a +3 ring of strength (right tentacle)
Wands
 l - a wand of fire (0)
Scrolls
 h - 2 scrolls of blinking
 j - 3 scrolls of remove curse
 k - 2 scrolls of amnesia
Potions
 c - 5 potions of curing
 d - 2 potions of heal wounds
 e - a potion of haste
 f - 3 potions of magic
 g - a potion of invisibility
Books
 m - a book of Air

   Spells                             Type                      Level
   a - Shock                          Conjuration/Air              1
   b - Swiftness                      Charms/Air                   2
   c - Repel Missiles                 Charms/Air                   2
   d - Static Discharge               Conjuration/Air              3
   e - Lightning Bolt                 Conjuration/Air              5
Comestibles
 n - a bread ration


   Skills:
 + Level 4.2 Fighting
 + Level 2.2 Dodging
 - Level 3.0 Stealth
 + Level 9.3 Spellcasting
 + Level 3.7 Conjurations
 + Level 12.3 Air Magic


You had 13 spell levels left.
You knew the following spells:

 Your Spells              Type           Power        Failure   Level  Hunger
a - Shock                 Conj/Air       ####         1%          1    None
b - Repel Missiles        Chrm/Air       #####.       1%          2    None
c - Static Discharge      Conj/Air       #####...     1%          3    None
d - Lightning Bolt        Conj/Air       #####.....   10%         5    ####...


Dungeon Overview and Level Annotations

Branches:
Dungeon (1/1)

Altars:
Cheibriados
Dithmenos
Elyvilon
Fedhas
Gozag
Kikubaaqudgha
Makhleb
Nemelex Xobeh
Okawaru
Qazlal
Ru
Sif Muna
Trog
Vehumet
Xom
Yredelemnul
Zin
The Shining One
Beogh
Jiyva
Lugonu


Innate Abilities, Weirdness & Mutations

You cannot wear most types of armour.
You are amphibious.
You can wear up to eight rings at the same time.
You can use your tentacles to constrict eight enemies at once.
Your skin changes colour to match your surroundings (Stealth).
Your rubbery body absorbs attacks (AC +1).


Message History

The worker ant is moderately wounded.
The bolt of lightning hits the sky beast.
The sky beast completely resists.
The bolt of lightning hits the iguana.
The iguana is almost dead.
The centaur warrior shoots an arrow.
The arrow hits you!
Casting: Lightning Bolt
Confirm with . or Enter, or press ? or * to list all spells.
You don't have enough magic to cast that spell.
Unknown command.
You close the door.
A centaur warrior opens the door.
The centaur warrior shoots an arrow.
The arrow hits you!
* * * LOW HITPOINT WARNING * * *
Drink which item? (? for menu, Esc to quit)
You feel much better.
The centaur warrior shoots an arrow.
The arrow closely misses you.
Drink which item? (? for menu, Esc to quit)
Magic courses through your body.
The centaur warrior shoots an arrow.
The arrow hits you!!
Ouch! That really hurt!
You die... ▓▓▓▓▓▓▓▓▓▓▓▓▓▓▓▓▓▓▓▓▓▓▓▓ .lY.ac'@....()..[[[)...' ▓▓▓▓▓▓▓▓▓▓▓▓▓▓▓▓▓▓▓▓▓▓▓▓

You could see a centaur warrior, a sky beast, an iguana and a worker ant.

Vanquished Creatures
  A hill giant (D)
  A troll (D)
  A crimson imp (D)
  A jelly (D)
  2 worker ants (D)
  An adder (D)
  3 shadow imps (D)
  An orc (D)
  A bat (D)
  A giant cockroach (D)
  2 hobgoblins (D)
  A giant gecko zombie (D)
  A goblin (D)
17 creatures vanquished.

Notes
Turn   | Place    | Note
--------------------------------------------------------------
     0 | D        | pipel the Octopode Air Elementalist began the quest for the Orb.
     0 | D        | Reached XP level 1. HP: 11/11 MP: 3/3
    50 | D        | Noticed a crimson imp
    50 | D        | Noticed a worker ant
    62 | D        | Killed a worker ant
    62 | D        | Reached skill level 5 in Spellcasting
    62 | D        | Reached XP level 2. HP: 17/17 MP: 2/8
    62 | D        | Reached XP level 3. HP: 21/21 MP: 2/9
    67 | D        | Killed a crimson imp
    67 | D        | Reached skill level 6 in Spellcasting
    67 | D        | Reached XP level 4. HP: 27/27 MP: 2/12
    86 | D        | Found a glowing silver altar of Zin.
    86 | D        | Found a glowing golden altar of the Shining One.
    86 | D        | Found an ancient bone altar of Kikubaaqudgha.
    86 | D        | Found a basalt altar of Yredelemnul.
    86 | D        | Found a shimmering altar of Xom.
    86 | D        | Found a radiant altar of Vehumet.
    87 | D        | Found an iron altar of Okawaru.
    88 | D        | Found a burning altar of Makhleb.
    89 | D        | Found a deep blue altar of Sif Muna.
    90 | D        | Found a bloodstained altar of Trog.
    91 | D        | Found a sparkling altar of Nemelex Xobeh.
    92 | D        | Found a white marble altar of Elyvilon.
    93 | D        | Found a roughly hewn altar of Beogh.
    94 | D        | Found a viscous altar of Jiyva.
    95 | D        | Found a corrupted altar of Lugonu.
    96 | D        | Found a blossoming altar of Fedhas.
    97 | D        | Found a snail-covered altar of Cheibriados.
    98 | D        | Found a shadowy altar of Dithmenos.
    99 | D        | Found a stormy altar of Qazlal.
   100 | D        | Found an opulent altar of Gozag.
   101 | D        | Found a sacrificial altar of Ru.
   105 | D        | Became a worshipper of Cheibriados the Contemplative
   134 | D        | Learned a level 2 spell: Repel Missiles
   139 | D        | Learned a level 3 spell: Static Discharge
   221 | D        | Noticed a hill giant
   221 | D        | Noticed a worker ant
   221 | D        | Noticed a jelly
   221 | D        | Noticed a troll
   223 | D        | Killed a jelly
   223 | D        | Reached * piety under Cheibriados
   223 | D        | Reached skill level 1 in Fighting
   223 | D        | Reached skill level 7 in Spellcasting
   223 | D        | Reached skill level 5 in Air Magic
   223 | D        | Reached XP level 5. HP: 21/33 MP: 12/14
   224 | D        | Killed a troll
   224 | D        | Reached skill level 8 in Spellcasting
   224 | D        | Reached skill level 9 in Air Magic
   224 | D        | Reached XP level 6. HP: 11/42 MP: 13/17
   224 | D        | Killed a worker ant
   224 | D        | Reached skill level 10 in Air Magic
   228 | D        | Killed a hill giant
   228 | D        | Reached ** piety under Cheibriados
   228 | D        | Reached skill level 12 in Air Magic
   228 | D        | Reached XP level 7. HP: 12/48 MP: 13/19
   235 | D        | Learned a level 5 spell: Lightning Bolt
   445 | D        | Noticed an iguana
   445 | D        | Noticed a sky beast
   445 | D        | Noticed a worker ant
   445 | D        | Noticed a centaur warrior
   445 | D        | Noticed a trapdoor spider
   449 | D        | HP: 1/48 [centaur warrior/arrow (15)]
   451 | D        | Shot with an arrow by a centaur warrior

Action                   |  1- 3 |  4- 6 |  7- 9 || total
-------------------------+-------+-------+-------++-------
Melee: Unarmed           |    14 |     8 |       ||    22
 Cast: Shock             |     4 |       |       ||     4
       Repel Missiles    |       |     1 |       ||     1
       Lightning Bolt    |       |       |     3 ||     3
Evoke: Wand              |       |     6 |     1 ||     7
  Use: Potion            |     1 |       |     2 ||     3
